 Dungeon Crawl Stone Soup version 0.26.0-45-g9c1d065592 (webtiles) character file.

Game seed: 14507235677821989879

131 oldmanjim the Bolt Thrower (level 4, -3/40 HPs)
             Began as a Minotaur Hunter on Jan 30, 2021.
             Slain by an orc priest (5 damage)
             ... on level 2 of the Dungeon.
             The game lasted 00:07:31 (2326 turns).

oldmanjim the Bolt Thrower (Minotaur Hunter)        Turns: 2326, Time: 00:07:32

Health: -3/40      AC:  3    Str: 18    XL:     4   Next: 91%
Magic:  3/3        EV: 10    Int:  8    God:
Gold:   82         SH:  8    Dex: 10    Spells: 3/3 levels left

rFire    . . .     SeeInvis .   b - +0 short sword
rCold    . . .     Faith    .   r - +0 kite shield
rNeg     . . .     Spirit   .   c - +0 leather armour
rPois    .         Reflect  .   (helmet restricted)
rElec    .         Harm     .   (no cloak)
rCorr    .         Rampage  .   (no gloves)
Will     .....                  (no boots)
Stlth    +.........             (no amulet)
HPRegen  0.13/turn              (no ring)
MPRegen  0.08/turn              (no ring)

@: no status effects
A: retaliatory headbutt, horns 2
a: no special abilities


You were on level 2 of the Dungeon.
You visited 1 branch of the dungeon, and saw 2 of its levels.

You collected 82 gold pieces.

Inventory:

Hand Weapons
 a - a +1 hand crossbow
 b - a +0 short sword (weapon)
Missiles
 d - 15 bolts
 l - 31 poisoned darts (quivered)
Armour
 c - a +0 leather armour (worn)
 r - a +0 kite shield (worn)
Scrolls
 h - 3 scrolls of identify {unknown}
 j - a scroll of amnesia {unknown}
 p - a scroll of blinking {unknown}
Potions
 e - a potion of mutation {unknown}
 f - 3 potions of curing {unknown}
 g - a potion of cancellation {unknown}
 i - a potion of magic {unknown}
 k - a potion of haste {unknown}
 n - a potion of berserk rage {unknown}
 o - 3 potions of attraction {unknown}
 q - a potion of brilliance {unknown}


   Skills:
 + Level 4.2 Fighting
 + Level 5.3 Crossbows
 - Level 3.0 Dodging
 - Level 0.7 Stealth
 + Level 1.8 Shields


You had 3 spell levels left.
You didn't know any spells.
Your spell library was empty.

Dungeon Overview and Level Annotations

Branches:
Dungeon (2/15)

Altars:
Hepliaklqana


Innate Abilities, Weirdness & Mutations

You reflexively headbutt those who attack you in melee.
You have a pair of horns on your head.


Message History

The orc priest is moderately wounded.
The orc priest hits you but does no damage.
You hit the orc priest.
You headbutt the orc priest, but do no damage.
The orc priest is severely wounded.
The orc priest hits you.
You barely miss the orc priest.
The orc priest is severely wounded.
You block the orc priest's attack.
You hit the orc priest. Your headbutt misses the orc priest.
The orc priest is severely wounded.
The orc priest invokes the aid of Beogh against you.
Pain shoots through your body!
The orc priest invokes the aid of Beogh against you.
Beogh smites you!
* * * LOW HITPOINT WARNING * * *
You hit the orc priest.
The orc priest is almost dead.
The orc priest hits you.
You die...

#...g..# ##.##
######(####...########
#(................
#(.###....#..>.... #..#
#.#.##.......
#..###.#.##.......
#{o...............
#o####.#.##....... ########
#@# #.#.##....... #......#
#.####.#.#####..##
#.####.###......#.......###
#.# #.........###..####.##.
#.###..######.###..####.#..
#.##..................#.#.8
#.##...######.###..##...#..
#.##..........##.)......#..
#.##.#.########.....###.#..


You could see an orc priest and an orc.

Vanquished Creatures
  An orc wizard (D:2)
  3 adders (D:2)
  2 oozes (D:1)
  A worm (D:2)
  2 leopard geckos
  2 orcs (D:2)
  A giant cockroach (D:2)
  7 goblins
  10 hobgoblins
  6 jackals (D:1)
  2 quokkas (D:2)
  5 bats
  4 frilled lizards (D:1)
  6 kobolds
  7 rats
59 creatures vanquished.

Notes
Turn   | Place    | Note
-------+----------+-------------------------------------------
     0 | D:1      | oldmanjim the Minotaur Hunter began the quest for the Orb.
     0 | D:1      | Reached XP level 1. HP: 18/18 MP: 0/0
   114 | D:1      | Reached XP level 2. HP: 15/25 MP: 1/1
   661 | D:1      | Reached XP level 3. HP: 31/31 MP: 2/2
  1237 | D:2      | Reached skill level 5 in Crossbows
  1784 | D:2      | Reached XP level 4. HP: 40/40 MP: 3/3
  1832 | D:2      | Reached skill level 1 in Shields
  1907 | D:2      | Found a hazy altar of Hepliaklqana.
  2325 | D:2      | HP: 2/40 [orc priest/divine providence (13)]
  2326 | D:2      | Slain by an orc priest

Illustrated notes

Levels and vault maps discovered:
D:1:      dpeg_arrival_shrine, layout_loops_corners, minmay_pentomino_z4
D:2:      cheibrodos_pilgrimage, layout_loops_corners,
          nzn_hepliaklqana_mist_gate

Skill      XL: |  1  2  3  4 |
---------------+-------------+-----
Fighting       | 3 4 |  4.2
Dodging        | 3 |  3.0
Crossbows      | 5 |  5.3
Shields        | 1 |  1.8
Stealth        | |  0.7

Action                   |  1- 3 |  4- 6 || total
-------------------------+-------+-------++-------
Melee: Short sword       |    95 |    39 ||   134
       Headbutt          |    12 |    10 ||    22
 Fire: Hand crossbow     |       |     5 ||     5
Throw: Dart              |     7 |     7 ||    14
Armor: Leather armour    |    30 |     7 ||    37
Dodge: Dodged            |    65 |    12 ||    77
Block: Buckler           |     3 |       ||     3
       Kite shield       |       |     8 ||     8
